 Dungeon Crawl Stone Soup version 0.30-a0-793-g160f7cfddd (webtiles) character file.

Game seed: 11514766887185795286

61 demibob the Slasher (level 3, -2/31 HPs)
             Began as a Minotaur Fighter on Feb 19, 2023.
             Slain by a gnoll
             ... wielding a +0 spear
              (6 damage)
             ... on level 2 of the Dungeon.
             The game lasted 00:01:00 (772 turns).

demibob the Slasher (Minotaur Fighter)               Turns: 772, Time: 00:01:01

Health: -2/31      AC:  6    Str: 17 (20) XL:     3   Next: 83%
Magic:  2/2        EV:  9    Int:  6 (7)  God:
Gold:   99         SH:  0    Dex:  6 (9)  Spells: 2/2 levels left

rFire   . . .      SeeInvis .    a - +0 long sword
rCold   . . .      Faith    .    (no shield)
rNeg    . . .      Spirit   .    b - +0 scale mail
rPois   .          Reflect  .    (helmet restricted)
rElec   .          Harm     .    (no cloak)
rCorr   .          Rampage  .    (no gloves)
Will    .....                    (no boots) Stlth
                                 (no amulet)
HPRegen 0.25/turn                (no ring)
MPRegen 0.08/turn                (no ring)

@: attractive, invisible
A: horns 2, retaliatory headbutt
a: no special abilities


You were on level 2 of the Dungeon.
You visited 1 branch of the dungeon, and saw 2 of its levels.

You collected 99 gold pieces.


Innate Abilities, Weirdness & Mutations

You have a pair of horns on your head.
You reflexively headbutt those who attack you in melee.


   Skills:
 - Level 3.6 Fighting
 + Level 5.1 Long Blades
 - Level 3.6 Armour
 - Level 3.6 Shields


You had 2 spell levels left.
You didn't know any spells.
Your spell library was empty.

Inventory:

Hand Weapons
 a - a +0 long sword (weapon)
Armour
 b - a +0 scale mail (worn)
Jewellery
 F - a ring of fire
 Z - a ring of wizardry
Scrolls
 c - a scroll of fog {unknown}
 e - a scroll of noise {unknown}
 f - 2 scrolls of identify {unknown}
 g - a scroll of teleportation {unknown}
 i - a scroll of immolation {unknown}
 j - 3 scrolls of poison {unknown}
Potions
 d - a potion of might
 h - a potion of cancellation {unknown}
 l - a potion of attraction

Dungeon Overview and Level Annotations

Branches:
Dungeon (2/15)

Altars:

##.#####.......#.
###.............#.
#.......##........
#.......####....<.
####.........##..#.#.
.............##......
.###..............<.)
#.......####.....)
##. #@####### #......
.....##g# #......
#....gw# ###.###
###.##†# #. # .§. #.
..... #. .......
#.......# #.......#


You could see 2 gnolls and a dart slug (unable to see you).


Message History

You are too injured to fight recklessly!
You are too injured to fight recklessly!
You are too injured to fight recklessly!
You are too injured to fight recklessly!
You are too injured to fight recklessly!
You are too injured to fight recklessly!
You are too injured to fight recklessly!
You are too injured to fight recklessly!
You are too injured to fight recklessly!
You are too injured to fight recklessly!
You are too injured to fight recklessly!
You are too injured to fight recklessly!
The gnoll hits you with a +0 whip.
* * * LOW HITPOINT WARNING * * *
The dart slug launches a dart at you. The slug dart misses you.
The gnoll drinks a potion.
The gnoll is healed!
It was a potion of attraction.
You feel attractive to monsters. The gnoll is attracted toward you.
It was a potion of degeneration.
There was something very wrong with that liquid.
You feel weakened.
You feel dopey.
You feel clumsy. The gnoll hits you with a +0 whip.
* * * LOW HITPOINT WARNING * * *
It was a potion of invisibility.
You fade into invisibility!
The gnoll barely misses you. You furiously retaliate!
You headbutt the gnoll.
The gnoll hits you from afar with a +0 spear.
You die...

Skill      XL: |  1  2  3 |
---------------+----------+-----
Long Blades    | 3 4 5 |  5.1
Fighting       | |  3.6
Armour         | |  3.6
Shields        | |  3.6

Action                     || total
---------------------------++-------
  Melee: Long sword        ||    85
         Headbutt          ||    11
    Use: Potion            ||     3
 Armour: Scale mail        ||    44
  Dodge: Dodged            ||    50

Levels and vault maps discovered:
D:1:      psy_arrival_dodecagon, layout_rooms, minmay_statues_item
D:2:      minmay_diamond_boxcup, layout_loops_cross

Notes
Turn   | Place    | Note
-------+----------+-------------------------------------------
     0 | D:1      | demibob the Minotaur Fighter began the quest for the Orb.
     0 | D:1      | Reached XP level 1. HP: 19/19 MP: 0/0
    39 | D:1      | Reached skill level 3 in Long Blades
   103 | D:1      | Reached XP level 2. HP: 26/26 MP: 1/1
   289 | D:1      | Reached skill level 4 in Long Blades
   420 | D:1      | Reached XP level 3. HP: 31/31 MP: 2/2
   764 | D:2      | Reached skill level 5 in Long Blades
   772 | D:2      | Slain by a gnoll

Vanquished Creatures
  An adder (D:2)
  2 worms (D:2)
  2 dart slugs (D:1)
  2 bats (D:2)
  4 endoplasms
  2 giant cockroaches (D:1)
  5 goblins
  6 hobgoblins (D:1)
  6 ball pythons (D:1)
  2 frilled lizards (D:1)
  7 kobolds
  A rat (D:1)
40 creatures vanquished.

Table legend: (Time is in decaauts)
 A = Elapsed time spent in this place.
 B = Non-inter-level travel time spent in this place.
 C = Inter-level travel time spent in this place.
 D = Time resting spent in this place.
 E = Time spent auto-exploring this place.
 F = Levels seen in this place.
 G = Mean time per level.
                   A        B        C        D        E       F      G
               +--------+--------+--------+--------+--------+-----+--------+
         Total |    789 |    756 |     33 |      0 |    543 |   2 |  394.5 |
       Dungeon |    789 |    756 |     33 |      0 |    543 |   2 |  394.5 |
               +--------+--------+--------+--------+--------+-----+--------+

Top non-repeatable levels by time:
     D:1: 625 daAuts
     D:2: 163 daAuts

Table legend:
 A = Non-vault XP
 B = Vault XP
 C = Vault XP percentage of total XP
 D = Non-vault monster count
 E = Vault monster count
 F = Vault count percentage of total count
                 A         B        C        D         E       F
            +---------+---------+-------+---------+---------+-------
      Total |      88 |       0 |   0.0 |      40 |       0 |   0.0
            +---------+---------+-------+---------+---------+-------
        D:1 |      54 |       0 |   0.0 |      31 |       0 |   0.0
        D:2 |      34 |       0 |   0.0 |       9 |       0 |   0.0
            +---------+---------+-------+---------+---------+-------
